 Dungeon Crawl Stone Soup version 0.31.0-11-ge490571c62 (webtiles) character file.

Game seed: 7857855025614793458

491 qw the Skirmisher (level 6, -4/35 HPs)
             Began as a Deep Elf Hunter on Feb 4, 2024.
             Slain by an ogre
             ... wielding a +0 giant club
              (14 damage)
             ... on level 5 of the Dungeon.
             The game lasted 00:00:11 (3398 turns).

qw the Skirmisher (Deep Elf Hunter)                 Turns: 3398, Time: 00:00:12

Health: -4/35      AC:  5    Str: 10    XL:     6   Next: 91%
Magic:  8/8        EV: 11    Int: 14    God:
Gold:   184        SH:  0    Dex: 18    Spells: 5/5 levels left

rFire   . . .        a - +1 shortbow
rCold   . . .        (shield currently unavailable)
rNeg    . . .        f - +0 ring mail
rPois   .            (no helmet)
rElec   .            (no cloak)
rCorr   .            (no gloves)
SInv    .            (no boots)
Will    .....        b - amulet of faith
Stlth   +            (no ring)
HPRegen 0.25/turn    (no ring)
MPRegen 0.11/turn

%: faith
@: no status effects
A: no striking features
a: no special abilities


You were on level 5 of the Dungeon.
You visited 1 branch of the dungeon, and saw 5 of its levels.

You collected 184 gold pieces.


   Skills:
 - Level 2.0 Fighting
 + Level 10.3 Ranged Weapons
 - Level 3.4 Dodging
 - Level 1.2 Stealth


You had 5 spell levels left.
You didn't know any spells.
Your spell library was empty.

Inventory:

Hand Weapons
 a - a +1 shortbow (weapon)
Armour
 f - a +0 ring mail (worn)
Jewellery
 b - an amulet of faith (around neck)
Potions
 c - 3 potions of curing
 d - a potion of brilliance {unknown}
 e - 2 potions of might
 g - 3 potions of mutation
 h - a potion of lignification {unknown}

Dungeon Overview and Level Annotations

Branches:
Dungeon (5/15)
 Temple: D:4-7

Altars:
Cheibriados
Hepliaklqana
Ru
Vehumet

Shops:
D:4 :


Message History

You shoot an arrow. The arrow hits the orc.
The orc is lightly wounded.
You shoot an arrow. The arrow closely misses the orc.
You shoot an arrow.
The arrow hits the orc but does no damage.
The orc is lightly wounded.
An ogre comes into view. It is wielding a +0 giant club.
You shoot an arrow. The ogre shouts!
The arrow hits the orc but does no damage.
You hear a shout!
You shoot an arrow. The arrow hits the orc.
The orc is heavily wounded.
The orc hits you but does no damage.
You shoot an arrow. The arrow hits the orc.
You kill the orc!
You shoot an arrow. The arrow barely misses the orc.
An orc comes into view. It is wielding a +0 mace.
The orc hits you but does no damage.
You shoot an arrow. The arrow hits the orc.
The orc is lightly wounded.
The orc completely misses you. The orc hits you but does no damage.
You shoot an arrow. The arrow barely misses the orc.
The arrow hits the ogre.
The ogre is lightly wounded.
An orc comes into view.
It is wielding a +0 rapier and wearing a +2 leather armour of cold resistance.
You shoot an arrow. The orc shouts!
The arrow hits the ogre!
The ogre is heavily wounded.
You hear a shout!
You shoot an arrow. The arrow barely misses the ogre.
The ogre hits you with a +0 giant club!!
Ouch! That really hurt!
The orc closely misses you.
You shoot an arrow. The arrow hits the ogre.
The ogre is heavily wounded.
You shoot an arrow. The arrow barely misses the ogre.
The arrow hits the orc.
The orc is moderately wounded.
The ogre hits you with a +0 giant club!
You die...

(
#.#.#.##.#.##...........
#...#......###.#...>....
#..#####.....#.#........
.. ##...............
#.#.##%.......##
##.#......###....
##.#####.....#.### ####
.......o.%#..#.#
.#.oO@..##...#
#..o$.###.#....... .....
#.#.......# ....
..........# ...
#.......... ..
..#........ . ?.#...
......


You could see an ogre and 3 orcs.

Vanquished Creatures
  An ogre (D:5)
  A phantom (D:4)
  A scorpion (D:5)
  A bombardier beetle (D:3)
  A jelly (D:3)
  An iguana (D:5)
  Natasha (thrice) (D:2)
  4 adders
  A white imp (D:5)
  2 dart slugs (D:3)
  A ribbon worm (D:2)
  4 orcs
  6 ball pythons
  8 endoplasms
  4 giant cockroaches
  8 goblins
  5 hobgoblins
  6 kobolds
  3 bats
  4 frilled lizards
  3 rats
68 creatures vanquished.

Notes
Turn   | Place    | Note
-------+----------+-------------------------------------------
     0 | D:1      | qw the Deep Elf Hunter began the quest for the Orb.
     0 | D:1      | Reached XP level 1. HP: 12/12 MP: 3/3
     0 | D:1      | 0 ||| qw: Version: 0.3-a-160-g6735b56
     0 | D:1      | 0 ||| qw: Game counter: 5275
     0 | D:1      | 0 ||| qw: Melee chars always use a shield: true
     0 | D:1      | 0 ||| qw: God list: Okawaru
     0 | D:1      | 0 ||| qw: Allow faded altars: false
     0 | D:1      | 0 ||| qw: Do Orc after clearing Dungeon:15 true
     0 | D:1      | 0 ||| qw: Do second Lair branch before Depths: true
     0 | D:1      | 0 ||| qw: Lair rune preference: random
     0 | D:1      | 0 ||| qw: Goals: Normal
     0 | D:1      | 0 ||| PLANNING D:1-11
   111 | D:1      | Reached XP level 2. HP: 16/16 MP: 4/4
   170 | D:1      | Reached skill level 6 in Ranged Weapons
   409 | D:1      | 409 ||| UPGRADING to +0 ring mail.
   419 | D:1      | 419 ||| DROPPING +0 leather armour.
   420 | D:1      | 420 ||| READING scroll labelled LOKEUFOESHRO.
   421 | D:1      | 421 ||| READING scroll labelled DUSISI LUER.
   422 | D:1      | 422 ||| READING 3 scrolls labelled KYL TECZAXA.
   422 | D:1      | 422 ||| IDENTIFYING glowing white potion
   423 | D:1      | 423 ||| READING 2 scrolls of identify.
   423 | D:1      | 423 ||| IDENTIFYING 2 puce potions
   424 | D:1      | 424 ||| READING scroll of identify.
   424 | D:1      | 424 ||| IDENTIFYING 3 grey potions
   425 | D:1      | 425 ||| DROPPING scroll of butterflies.
   426 | D:1      | 426 ||| DROPPING potion of ambrosia.
   455 | D:2      | Identified the +1 dagger "Josh" {venom, *Rage rPois rF+
                  | rC+}
   570 | D:2      | Noticed Natasha
   574 | D:2      | Killed Natasha
   575 | D:2      | Reached skill level 7 in Ranged Weapons
   575 | D:2      | Reached XP level 3. HP: 10/20 MP: 5/5
   600 | D:2      | Noticed Natasha
   604 | D:2      | Killed Natasha
   605 | D:2      | Reached XP level 4. HP: 24/25 MP: 6/6
   727 | D:2      | Noticed Natasha
   731 | D:2      | Killed Natasha
   925 | D:2      | Reached skill level 8 in Ranged Weapons
  1676 | D:2      | 1676 ||| READING scroll labelled ARIGAF YPITOP.
  1676 | D:2      | 1676 ||| ENCHANTING +0 shortbow.
  1677 | D:2      | 1677 ||| DRINKING 2 brown potions.
  1799 | D:3      | Reached XP level 5. HP: 29/29 MP: 7/7
  1854 | D:3      | Found a hazy altar of Hepliaklqana.
  1917 | D:3      | Found a snail-covered altar of Cheibriados.
  1952 | D:3      | Reached skill level 9 in Ranged Weapons
  2056 | D:3      | Found a sacrificial altar of Ru.
  2354 | D:3      | 2354 ||| READING scroll labelled VULOSO REGUKLA.
  2455 | D:3      | 2455 ||| DRINKING 2 red potions.
  2456 | D:3      | 2456 ||| DROPPING potion of invisibility.
  2677 | D:4      | Found a radiant altar of Vehumet.
  2899 | D:4      | Noticed a phantom
  2907 | D:4      | Killed a phantom
  2908 | D:4      | Reached XP level 6. HP: 28/35 MP: 8/8
  2971 | D:4      | Found Kunadexe's Self-Improvement Boutique.
  3068 | D:4      | 3068 ||| UPGRADING to amulet of faith.
  3098 | D:5      | Entered Level 5 of the Dungeon
  3175 | D:5      | Reached skill level 10 in Ranged Weapons
  3209 | D:5      | Reached skill level 3 in Dodging
  3398 | D:5      | Slain by an ogre

Levels and vault maps discovered:
D:1:      spicycebolla_green_bress_n_ham, layout_rooms, minivault_4
D:2:      mumra_celtic_spiral_tile, layout_loops_cross, minmay_misc_feat_alley,
          minmay_misc_feat_iff, uniq_natasha
D:3:      layout_rooms, mainiacjoe_overflow_paths,
          nicolae_overflow_crystal_walls, nicolae_ru_the_path_less_chosen,
          st_stairs_1
D:4:      layout_basic, vehumet_crystals, nicolae_shop_self_help
D:5:      layout_rooms, serial_shops, shop, hex_tiny

Skill      XL: |  1  2  3  4  5  6 |
---------------+-------------------+-----
Ranged Weapons | 7 8 9 10 | 10.3
Fighting       | 2 |  2.0
Dodging        | 3 |  3.4
Stealth        | |  1.2

Action                     |  1- 3 |  4- 6 || total
---------------------------+-------+-------++-------
   Fire: Shortbow          |    48 |   181 ||   229
    Use: Scroll            |     5 |     2 ||     7
         Potion            |       |     2 ||     2
 Armour: Leather armour    |     1 |       ||     1
         Ring mail         |     4 |    40 ||    44
  Dodge: Dodged            |     4 |    31 ||    35

Table legend:
 A = Non-vault XP
 B = Vault XP
 C = Vault XP percentage of total XP
 D = Non-vault monster count
 E = Vault monster count
 F = Vault count percentage of total count
                 A         B        C        D         E       F
            +---------+---------+-------+---------+---------+-------
      Total |     665 |      37 |   5.3 |      64 |       4 |   5.9
            +---------+---------+-------+---------+---------+-------
        D:1 |      24 |       0 |   0.0 |      14 |       0 |   0.0
        D:2 |     123 |      33 |  21.2 |      18 |       1 |   5.3
        D:3 |     135 |       4 |   2.9 |      17 |       3 |  15.0
        D:4 |     120 |       0 |   0.0 |       9 |       0 |   0.0
        D:5 |     263 |       0 |   0.0 |       6 |       0 |   0.0
            +---------+---------+-------+---------+---------+-------
